 Dungeon Crawl Stone Soup version 0.30-a0-415-g685d318daa (webtiles) character file.

Game seed: 15189373815151958191

2263 Ijustatesigmund the Trooper (level 9, -3/68 HPs)
             Began as a Djinni Fire Elementalist on Dec 7, 2022.
             Was a Follower of Okawaru.
             Slain by a wight
             ... wielding a +3 spear
              (7 damage)
             ... on level 8 of the Dungeon on Dec 8, 2022.
             The game lasted 00:17:05 (7766 turns).

Ijustatesigmund the Trooper (DjFE)                  Turns: 7766, Time: 00:17:06

Health: -3/68      AC:  2    Str: 13    XL:     9   Next: 64%
Gold:   551        EV: 13    Int: 20    God:    Okawaru [*.....] SH:  0 Dex: 15

rFire   + + +      SeeInvis .    j - +7 scythe (vorpal)
rCold   . . .      Faith    .    (shield currently unavailable)
rNeg    . . .      Spirit   .    a - +0 robe
rPois   ∞          Reflect  .    (no helmet)
rElec   +          Harm     .    (no cloak)
rCorr   +          Rampage  .    (no gloves)
Will    .....                    (boots unavailable)
Stlth   ++........               (no amulet)
HPRegen 0.31/turn                e - +6 ring of strength
MPRegen 0.00/turn                (no ring)

@: resistant, flying
A: sickness immunity, fire resistance 2, cold vulnerability 1, float, innate
caster, HP casting, extra vitality 1
a: Renounce Religion, Heroism


You were on level 8 of the Dungeon.
You worshipped Okawaru.
Okawaru was aware of your devotion.
You visited 1 branch of the dungeon, and saw 8 of its levels.
You also visited: Ossuary.

You collected 707 gold pieces.
You spent 156 gold pieces at shops.

Inventory:

Hand Weapons
 j - a +7 vorpal scythe (weapon)
Armour
 a - a +0 robe (worn)
Jewellery
 e - a +6 ring of strength (left hand)
Wands
 g - a wand of polymorph (20)
 h - a wand of roots (21)
 n - a wand of quicksilver (9)
 o - a wand of flame (24)
Scrolls
 r - 2 scrolls of immolation
Potions
 c - a potion of ambrosia
 d - a potion of cancellation {unknown}
 f - a potion of curing
 i - 3 potions of lignification
 k - 2 potions of might {unknown}
 p - a potion of mutation {unknown}
 q - a potion of brilliance {unknown}
 s - a potion of flight {unknown}


   Skills:
 + Level 7.2 Fighting
 - Level 4.2 Dodging
 - Level 1.5 Stealth
 + Level 6.1 Spellcasting
 + Level 3.3 Invocations
 + Level 4.0 Evocations


You couldn't memorise any spells.
You knew the following spells:

 Your Spells              Type           Power      Damage    Failure   Level
a - Foxfire               Conj/Fire      100%       2x1d9     1%          1
b - Scorch                Fire           60%        2d8       1%          2
c - Kindle Blastsparks    Fire/Tloc/Air  60%        2d15      2%          3
d - Inner Flame           Hex/Fire       30%        N/A       2%          3
e - Flame Wave            Conj/Fire      30%        2d9       9%          4
f - Necrotise             Necr           100%       1d9       1%          1
g - Passwall              Tmut/Erth      25%        N/A       1%          2
h - Tukima's Dance        Hex            30%        N/A       2%          3
i - Vampiric Draining     Necr           30%        2d8       2%          3
Your spell library was empty.

Dungeon Overview and Level Annotations

Branches:
Dungeon (8/15)             Temple (0/1) D:7         Ossuary (visited)
   Lair: D:8-11

Altars:
Cheibriados
Okawaru
Uskayaw
Yredelemnul

Shops:
D:3 (

Annotations:
D:4 1 runed translucent door, fly's ghost, novice DgDe


Innate Abilities, Weirdness & Mutations

You are immune to sickness and miasma.
You are immune to poison.
Your flesh is very heat resistant. (rF++)
You are vulnerable to cold. (rC-)
You float through the air rather than walking.
You learn spells naturally, not from books.
Your magical power is your life essence.
You have superior vitality. (+4 MHP)


Message History

The flame wave engulfs the wight!
The wight is severely damaged.
* * * LOW HITPOINT WARNING * * *
You finish channelling waves of flame.
You hear an angry buzzing noise.
The wight misses you. The wight barely misses you.
It was a potion of curing.
You feel better. The wight hits you with a +0 dagger.
* * * LOW HITPOINT WARNING * * *
The wight barely misses you.
You feel better. The wight hits you with a +0 dagger.
* * * LOW HITPOINT WARNING * * *
The wight misses you.
Casting: Flame Wave (dangerous; 9% risk of failure)
Confirm with . or Enter, or press ? or * to list all spells.
Flames lash the wight.
The wight is severely damaged.
The wight's fire resistance burns away.
* * * LOW HITPOINT WARNING * * *
The wight hits you with a +0 dagger.
* * * LOW HITPOINT WARNING * * *
The wight closely misses you. The wight hits you but does no damage.
The wight hits you from afar with a +3 spear.
* * * LOW HITPOINT WARNING * * *
You feel better. The wight hits you with a +0 dagger.
* * * LOW HITPOINT WARNING * * *
The wight closely misses you.
Casting: Scorch (safe; 1% risk of failure)
Confirm with . or Enter, or press ? or * to list all spells.
Casting: Flame Wave (dangerous; 9% risk of failure)
Press: ? - help, Dir - look around, f - activate A wave of flame ripples out!
The flame wave engulfs the wight but does no damage.
The wight is severely damaged. (Press . to intensify the flame waves.)
* * * LOW HITPOINT WARNING * * *
The wight hits you but does no damage.
The wight hits you from afar with a +3 spear!
You die...

### ..# #?# #.# ###
#.# #. ...#.#
z...#.#.##########
#.....z)@†......
###.#..)z....... ..
#.########## ## #.#
#.#####.######
..........(..####..##
#.########...........
#.#.####.### #.#.#


You could see 2 wights.

Vanquished Creatures
  2 hornets (D:7)
  Prince Ribbit (D:8)
  Sigmund (D:2)
  A steam dragon (D:7)
  2 ogres
  The ghost of blade888 the Conjurer, an amateur DsCj (D:3)
  A bullfrog (D:3)
  2 necrophages (D:6)
  3 scorpions
  3 wights (D:8)
  A howler monkey (D:7)
  A centaur zombie (Ossuary)
  4 hounds
  A gnoll bouda (D:5)
  An orc priest (D:7)
  2 human zombies (Ossuary)
  Jessica (D:2)
  An iguana (D:5)
  An orc wizard (D:7)
  2 mummies (Ossuary)
  6 gnolls
  A river rat (D:3)
  3 adders
  An ufetubus (D:6)
  2 worms
  3 dart slugs
  19 orcs
  12 bats
  4 endoplasms
  5 giant cockroaches
  9 hobgoblins
  2 jackals (D:3)
  A quokka (D:1)
  7 ball pythons
  3 frilled lizards
  4 gnoll zombies (Ossuary)
  4 goblins
  2 goblin zombies (Ossuary)
  4 hobgoblin zombies (Ossuary)
  8 kobolds
  An orc zombie (Ossuary)
  2 rats (D:1)
135 creatures vanquished.

Vanquished Creatures (others)
  199 foxfires
199 creatures vanquished.

Grand Total: 334 creatures vanquished

Notes
Turn   | Place    | Note
-------+----------+-------------------------------------------
     0 | D:1      | Ijustatesigmund the Djinni Fire Elementalist began the
                  | quest for the Orb.
     0 | D:1      | Ijustatesigmund set off with the following spells
                  | memorised: Foxfire, Scorch, Kindle Blastsparks, Inner
                  | Flame, Flame Wave.
     0 | D:1      | Reached XP level 1. HP: 15/15 MP: 0/0
    97 | D:1      | Reached XP level 2. HP: 20/22 MP: 0/0
   108 | D:1      | Reached skill level 1 in Fighting
   340 | D:1      | Reached XP level 3. HP: 25/27 MP: 0/0
   340 | D:1      | Learned a level 1 spell: Necrotise
   963 | D:1      | Reached skill level 2 in Fighting
  1223 | D:2      | Noticed Sigmund
  1225 | D:2      | Noticed Jessica
  1233 | D:2      | Killed Jessica
  1234 | D:2      | Reached XP level 4. HP: 34/34 MP: 0/0
  1249 | D:2      | Killed Sigmund
  1250 | D:2      | Reached skill level 3 in Fighting
  1250 | D:2      | Reached XP level 5. HP: 41/41 MP: 0/0
  1250 | D:2      | Learned a level 2 spell: Passwall
  1250 | D:2      | Reached XP level 6. HP: 47/47 MP: 0/0
  1795 | D:3      | Found a runed translucent door.
  1849 | D:3      | Noticed blade888's ghost (amateur DsCj)
  1855 | D:3      | Reached skill level 4 in Fighting
  2406 | D:3      | Upgraded the game from 0.30-a0-395-gfe72c296f8 to
                  | 0.30-a0-415-g685d318daa
  2738 | D:4      | Noticed fly's ghost (novice DgDe)
  2741 | D:4      | Found a runed translucent door.
  2947 | D:4      | Reached XP level 7. HP: 51/53 MP: 0/0
  2947 | D:4      | Learned a level 3 spell: Tukima's Dance
  3201 | D:4      | Found an iron altar of Okawaru.
  3201 | D:4      | Found a basalt altar of Yredelemnul.
  3331 | D:5      | Entered Level 5 of the Dungeon
  3442 | D:5      | Found a sand-covered staircase.
  3451 | Ossuary  | Entered an ossuary
  3707 | Ossuary  | Reached skill level 5 in Fighting
  4362 | D:5      | Reached XP level 8. HP: 56/59 MP: 0/0
  5167 | D:6      | Reached skill level 5 in Spellcasting
  5563 | D:6      | Reached skill level 6 in Fighting
  5563 | D:6      | Reached skill level 1 in Evocations
  6005 | D:3      | Found Facronalurr's Antique Weapon Shop.
  6026 | D:3      | Bought a runed short sword for 156 gold pieces
  6094 | D:3      | Found a snail-covered altar of Cheibriados.
  6153 | D:3      | Found a runed translucent door.
  6232 | D:3      | Killed blade888's ghost
  6453 | D:4      | Became a worshipper of Warmaster Okawaru
  6719 | D:7      | Reached skill level 1 in Invocations
  6930 | D:7      | Noticed a +0 dagger
  6932 | D:7      | Found a hide-covered altar of Uskayaw.
  6933 | D:7      | Noticed a +0 hand axe
  7040 | D:7      | Reached XP level 9. HP: 41/67 MP: 0/0
  7040 | D:7      | Learned a level 3 spell: Vampiric Draining
  7049 | D:7      | Noticed a hornet
  7056 | D:7      | Noticed a hornet
  7060 | D:7      | Killed a hornet
  7468 | D:7      | Killed a hornet
  7468 | D:7      | Reached * piety under Okawaru
  7628 | D:7      | Found a staircase to the Ecumenical Temple.
  7746 | D:8      | Reached skill level 7 in Fighting
  7748 | D:8      | Noticed Prince Ribbit
  7759 | D:8      | Killed Prince Ribbit
  7766 | D:8      | Slain by a wight

Illustrated notes

Levels and vault maps discovered:
D:1:      amcnicky_arrival_blooded_trapdoor, layout_loops_ring
D:2:      layout_loops_ring, uniq_jessica, uniq_sigmund
D:3:      layout_rooms, lemuel_round_altar, serial_shops,
          nicolae_shop_waterfront, ebering_ghost_sewer_f, minmay_distorted
D:4:      layout_loops_ring, gammafunk_temple_overflow_wave,
          hellmonk_ghost_happy_afterlife, minmay_misc_feat_chi
D:5:      layout_layer_cave, enter_ossuary_1
D:6:      layout_basic
D:7:      layout_layer_cave, dancing_weapons_uskayaw, temple_doors_e
D:8:      layout_loops_ring, david_lair_shrubbed, enter_bailey_2,
          uniq_prince_ribbit1

Skill      XL: |  1  2  3  4  5  6  7  8  9 |
---------------+----------------------------+-----
Fighting       | 1 2 3 4 5 6 7 |  7.2
Spellcasting   | 3 4 5 6 |  6.1
Dodging        | 3 4 |  4.2
Evocations     | 2 4 |  4.0
Invocations    | 1 3 |  3.3
Stealth        | |  1.5

Action                   |  1- 3 |  4- 6 |  7- 9 || total
-------------------------+-------+-------+-------++-------
Melee: Unarmed           |     1 |       |       ||     1
       Halberd           |       |    33 |    68 ||   101
 Cast: Foxfire           |    38 |     5 |    70 ||   113
       Scorch            |    23 |     9 |    34 ||    66
       Necrotise         |     1 |       |       ||     1
       Kindle Blastspark |       |     2 |     3 ||     5
       Flame Wave        |       |       |     4 ||     4
       Vampiric Draining |       |       |     6 ||     6
Evoke: Wand              |       |       |     5 ||     5
  Use: Potion            |     1 |     2 |     6 ||     9
       Scroll            |       |     7 |     7 ||    14
 Stab: Sleeping          |       |     6 |     2 ||     8
       Distracted        |       |       |     1 ||     1
Armor: Robe              |    10 |     5 |    12 ||    27
       Skin              |     2 |     6 |    13 ||    21
Dodge: Dodged            |    15 |    15 |    93 ||   123

Table legend: (Time is in decaauts)
 A = Elapsed time spent in this place.
 B = Non-inter-level travel time spent in this place.
 C = Inter-level travel time spent in this place.
 D = Time resting spent in this place.
 E = Time spent auto-exploring this place.
 F = Levels seen in this place.
 G = Mean time per level.
                   A        B        C        D        E       F      G
               +--------+--------+--------+--------+--------+-----+--------+
         Total |   7781 |   7422 |    359 |   1655 |   4750 |   9 |  864.6 |
       Dungeon |   7261 |   6902 |    359 |   1321 |   4669 |   8 |  907.6 |
       Ossuary |    520 |    520 |      0 |    334 |     81 |   1 |  520.0 |
               +--------+--------+--------+--------+--------+-----+--------+

Top non-repeatable levels by time:
     D:5: 1384 daAuts
     D:2: 1306 daAuts
     D:7: 1169 daAuts
     D:4: 1022 daAuts
     D:1: 984 daAuts
     D:3: 698 daAuts
     D:6: 649 daAuts
 Ossuary: 520 daAuts
     D:8: 46 daAuts
